 Dungeon Crawl Stone Soup version 0.24-a0-479-g9a978d2894 (webtiles) character file.

Game seed: 14760158731893646313

107 Roran the Changer (level 4, -2/38 HPs)
             Began as a Naga Transmuter on July 8, 2019.
             Slain by Robin
             ... wielding a +0 spear
              (5 damage)
             ... on level 2 of the Dungeon.
             The game lasted 00:05:02 (1771 turns).

Roran the Changer (Naga Transmuter)                 Turns: 1771, Time: 00:05:03

Health: -2/38      AC:  2    Str: 14    XL:     4   Next: 86%
Magic:  2/7        EV: 10    Int: 13    God:
Gold:   28         SH:  0    Dex: 11    Spells: 1/7 levels left

rFire    . . .     SeeInvis +     - Unarmed
rCold    . . .     Gourm    .   (no shield)
rNeg     . . .     Faith    .   b - +0 robe
rPois    +         Spirit   .   (no helmet)
rElec    .         Reflect  .   (no cloak)
rCorr    .         Harm     .   (no gloves)
MR       .....                  (no barding)
Stlth    +.........             (no amulet)
HPRegen  0.12/turn              (no ring)
MPRegen  0.10/turn              (no ring)

@: short of breath, appendage (expiring), very slightly contaminated, very slow
A: large, horns 2, see invisible, deformed body, poison resistance, slowness 2,
slow metabolism 1, spit poison 1, AC +1
a: Spit Poison, End Transformation


You were on level 2 of the Dungeon.
You were hungry.
You had grown temporary horns.
You visited 1 branch of the dungeon, and saw 2 of its levels.

You collected 28 gold pieces.

Inventory:

Missiles
 f - 25 arrows
Armour
 b - a +0 robe (worn)
Scrolls
 c - a scroll of fear {unknown}
 e - a scroll of identify {unknown}
 g - a scroll of remove curse {unknown}
 h - 2 scrolls of teleportation {unknown}
Potions
 a - a potion of flight {unknown}
 i - a potion of degeneration {unknown}
 j - a potion of berserk rage {unknown}
Comestibles
 d - 4 rations


   Skills:
 - Level 1.0 Fighting
 - Level 1.5 Dodging
 - Level 3.0 Unarmed Combat
 - Level 2.0 Spellcasting
 * Level 4.9 Transmutations


You had one spell level left.
You knew the following spells:

 Your Spells              Type           Power        Failure   Level  Hunger
a - Beastly Appendage     Tmut           ##....       3%          1    ##.....
b - Sticks to Snakes      Tmut           ##......     4%          2    ###....
c - Spider Form           Tmut/Pois      #.........   28%         3    ####...

Your spell library contained the following spells:

 Spells                   Type           Power        Failure   Level  Hunger
 Ice Form                 Ice/Tmut       #.......     67%         4    #####..
 Blade Hands              Tmut           ##........   67%         5    ######.


Dungeon Overview and Level Annotations

Branches:
Dungeon (2/15)

Altars:

Annotations:
D:2 Robin


Innate Abilities, Weirdness & Mutations

You cannot wear boots.
Your serpentine skin is tough. (AC +1)
You have supernaturally acute eyesight. (SInv)
Armour fits poorly on your strangely shaped body.
Your system is resistant to poisons. (rPois)
You cover ground very slowly.
You have a slow metabolism.
You can spit poison.
You have a pair of horns on your head.


Message History

Robin barely misses you.
Casting: Beastly Appendage (safe; 3% risk of failure)
Confirm with . or Enter, or press ? or * to list all spells.
Okay, then.
Okay, then.
You closely miss Robin. Your headbutt misses Robin.
Robin is lightly wounded.
Robin hits you with a +0 spear.
* * * LOW HITPOINT WARNING * * *
You closely miss Robin.
Robin is lightly wounded.
Robin hits you with a +0 spear.
* * * LOW HITPOINT WARNING * * *
You hit Robin but do no damage.
Robin is lightly wounded.
Robin barely misses you.
You closely miss Robin. You headbutt Robin, but do no damage.
Robin is lightly wounded.
Robin hits you with a +0 spear.
You die...

#............≈≈≈≈≈≈.#.#
##..........#.≈≈≈≈≈≈.#.#
............#.≈≈≈≈≈P...#
..............≈≈≈≈≈≈...#
###.#..#'####...P≈≈≈....(
#.#..#.# #...≈≈≈P≈...#
#.#.)#†# #..≈≈≈P.≈...#
#)# ##..≈≈≈...... #@#
#.≈≈≈P...#.. #g#
#.#≈≈≈...#.. #g#
#.#≈≈≈#..... #g#
#.#≈≈≈#..... #.#####.#
≈##..... #.#.....#
###..>. #.#....## #####
#.#....# ######


You could see Robin, a hobgoblin and a goblin.

Vanquished Creatures
  Jessica (D:2)
  2 adders (D:2)
  An ooze (D:1)
  A worm (D:2)
  2 dart slugs
  A leopard gecko (D:2)
  6 bats
  7 giant cockroaches
  9 goblins
  5 hobgoblins
  4 jackals
  3 kobolds
  2 frilled lizards (D:2)
  3 rats
47 creatures vanquished.

Vanquished Creatures (collateral kills)
  A giant cockroach (D:2)
  A hobgoblin (D:1)
  A rat (D:2)
3 creatures vanquished.

Grand Total: 50 creatures vanquished

Notes
Turn   | Place    | Note
-------+----------+-------------------------------------------
     0 | D:1      | Roran the Naga Transmuter began the quest for the Orb.
     0 | D:1      | Reached XP level 1. HP: 18/18 MP: 3/3
    48 | D:1      | Reached XP level 2. HP: 25/25 MP: 3/5
    63 | D:1      | Learned a level 2 spell: Sticks to Snakes
   181 | D:1      | Reached skill level 3 in Transmutations
   299 | D:1      | Reached XP level 3. HP: 29/31 MP: 6/6
   311 | D:1      | Learned a level 3 spell: Spider Form
   717 | D:2      | Reached skill level 4 in Transmutations
  1015 | D:2      | Reached XP level 4. HP: 27/38 MP: 1/7
  1484 | D:2      | Noticed Jessica
  1491 | D:2      | Killed Jessica
  1755 | D:2      | Noticed Robin
  1771 | D:2      | Slain by Robin

Levels and vault maps discovered:
D:1:      tarquinn_simple_flora_water_e, layout_rooms, minmay_unequal
D:2:      layout_basic, lemuel_crystal_altar, chequers_big_river,
          elyvilon_altar_5, uniq_robin, uniq_jessica

Skill      XL: |  1  2  3 |
---------------+----------+-----
Transmutations | 3 4 |  4.9
Fighting       | |  1.0
Dodging        | |  1.5
Unarmed Combat | |  3.0
Spellcasting   | |  2.0

Action                   |  1- 3 |  4- 6 || total
-------------------------+-------+-------++-------
Melee: Unarmed           |    80 |    43 ||   123
       Headbutt          |     4 |     5 ||     9
       Punch             |     2 |     1 ||     3
 Cast: Beastly Appendage |    11 |     5 ||    16
       Sticks to Snakes  |    12 |       ||    12
       Spider Form       |     3 |     2 ||     5
 Abil: Spit Poison       |     6 |     3 ||     9
  Eat: Chunk             |     1 |     3 ||     4
Armor: Robe              |    16 |    13 ||    29
       Skin              |     2 |       ||     2
Dodge: Dodged            |    79 |    33 ||   112

Table legend:
 A = Non-vault XP
 B = Vault XP
 C = Vault XP percentage of total XP
 D = Non-vault monster count
 E = Vault monster count
 F = Vault count percentage of total count
                 A         B        C        D         E       F
            +---------+---------+-------+---------+---------+-------
      Total |     108 |      46 |  29.9 |      44 |       6 |  12.0
            +---------+---------+-------+---------+---------+-------
        D:1 |      43 |       3 |   6.5 |      21 |       2 |   8.7
        D:2 |      65 |      43 |  39.8 |      23 |       4 |  14.8
            +---------+---------+-------+---------+---------+-------
